 Dungeon Crawl Stone Soup version 0.16.1-14-g82efdee (webtiles) character file.

357 KarvaRausku the Slasher (level 6, -14/36 HPs)
             Began as a Tengu Gladiator on Apr 11, 2015.
             Demolished by an ice beast (16 damage)
             ... on level 4 of the Dungeon.
             The game lasted 00:07:15 (2982 turns).

KarvaRausku the Slasher (Tengu Gladiator)           Turns: 2982, Time: 00:07:15

Health: -14/36     AC:  9    Str: 18    XL:     6   Next: 64%
Magic:  8/8        EV:  8    Int:  8    God:
Gold:   177        SH:  0    Dex: 14    Spells: 0 memorised, 5 levels left

rFire  + . .     SeeInvis .     a - +0 long sword
rCold  x . .     Clarity  .     s - +0 chain mail
rNeg   . . .     SustAb   .     (no shield)
rPois  .         Gourm    .     c - +0 hat
rElec  .         Spirit   .     t - +0 cloak
rCorr  .         Warding  .     (no gloves)
rMut   .         Stasis   .     (boots unavailable)
MR     .....                    (no amulet)
Stlth  ..........               n - ring of loudness (curse)
                                k - ring of fire

@: not resistant to hostile enchantments, extremely unstealthy
A: able to fly, beak, talons 3
a: Fly


You were on level 4 of the Dungeon.
You were not hungry.

You visited 1 branch of the dungeon, and saw 4 of its levels.

You collected 177 gold pieces.

Inventory:

Hand weapons
 a - a +0 long sword (weapon)
 y - a +2 hammer of crushing
Missiles
 d - 3 throwing nets (quivered)
Armour
 b - a +0 leather armour
 c - a +0 hat (worn)
 s - a +0 chain mail (worn)
 t - a +0 cloak (worn)
Jewellery
 k - a ring of fire (left hand)
 n - a cursed ring of loudness (right hand)
Scrolls
 g - a scroll of fear {unknown}
 j - 2 scrolls of teleportation {unknown}
 l - a scroll of amnesia {unknown}
 m - 3 scrolls of noise {unknown}
 o - 4 scrolls of identify {unknown}
 q - a scroll of fog {unknown}
 u - a scroll of enchant weapon {unknown}
 v - a scroll of magic mapping {unknown}
 w - 2 scrolls of remove curse {unknown}
Potions
 e - 5 potions of curing {unknown}
 h - a potion of heal wounds {unknown}
 i - a potion of agility {unknown}
 p - 2 potions of cure mutation {unknown}
 r - 2 potions of resistance {unknown}
 x - a potion of brilliance {unknown}
Comestibles
 f - 2 bread rations
 z - 3 fruits


   Skills:
 + Level 2.5 Fighting
 * Level 7.7 Long Blades
 - Level 2.1 Throwing
 - Level 3.2 Dodging


You had 5 spell levels left.
You didn't know any spells.

Dungeon Overview and Level Annotations

Branches:
Dungeon (4/15)
 Temple: D:4-7

Altars:
Xom
Yredelemnul


Innate Abilities, Weirdness & Mutations

You can fly.
You have a beak for a mouth.
You have claws for feet.


Message History

The ice beast hits you but does no damage.
You closely miss the ice beast.
You claw the ice beast, but do no damage.
The ice beast is severely wounded.
The ice beast hits you but does no damage.
You hit the ice beast.
The ice beast is almost dead.
The ice beast barely misses you.
You barely miss the ice beast. Your kick misses the ice beast.
Your peck misses the ice beast.
The ice beast is almost dead.
The ice beast hits you. The ice beast freezes you!
You feel a terrible chill!
* * * LOW HITPOINT WARNING * * *
The ice beast hits you but does no damage.
You closely miss the ice beast. Your kick misses the ice beast.
The ice beast is almost dead.
The ice beast hits you.
* * * LOW HITPOINT WARNING * * *
The ice beast freezes you!
You feel a terrible chill!
You die...

#### ##( .. ....
## #.# #..
#..###.# #....#.#
#..8...# #...⌠..#
#..8Y..# #
#...@#.######
#.#.###
#.####.....<#
#...... #
#...######........
#.#...#..# ###.###
#.....#..# #
#..#.....###### #
#..#.......#..####
######.....#..#...
#.)#.....####


You could see an ice beast.

Vanquished Creatures
  A scorpion (D:4)
  An orc priest (D:3)
  Crazy Yiuf (D:3)
  A centaur skeleton (D:4)
  3 orc wizards (D:3)
  Ijyb (D:2)
  2 adders
  2 worms
  2 oozes
  5 orcs
  A ball python (D:3)
  8 bats
  4 giant cockroaches
  8 goblins
  7 hobgoblins
  9 jackals
  15 kobolds
  2 quokkas (D:3)
  4 giant geckos
  16 giant newts
  9 rats
102 creatures vanquished.

Vanquished Creatures (others)
  5 toadstools (D:1)
5 creatures vanquished.

Grand Total: 107 creatures vanquished

Notes
Turn   | Place    | Note
--------------------------------------------------------------
     0 | D:1      | KarvaRausku, the Tengu Gladiator, began the quest for the Orb.
     0 | D:1      | Reached XP level 1. HP: 12/12 MP: 1/1
    88 | D:1      | Reached XP level 2. HP: 17/17 MP: 3/3
   124 | D:1      | Reached skill level 4 in Long Blades
   727 | D:1      | Reached XP level 3. HP: 21/21 MP: 4/4
  1142 | D:2      | Reached skill level 5 in Long Blades
  1376 | D:2      | Reached XP level 4. HP: 26/26 MP: 5/5
  1465 | D:2      | Found a basalt altar of Yredelemnul.
  1472 | D:2      | Noticed Ijyb
  1491 | D:2      | Killed Ijyb
  2106 | D:3      | Reached skill level 6 in Long Blades
  2262 | D:3      | Reached XP level 5. HP: 24/30 MP: 7/7
  2552 | D:3      | Reached skill level 7 in Long Blades
  2570 | D:3      | Reached XP level 6. HP: 31/35 MP: 8/8
  2692 | D:3      | Noticed Crazy Yiuf
  2791 | D:3      | Killed Crazy Yiuf
  2896 | D:4      | Found a shimmering altar of Xom.
  2982 | D:4      | Demolished by an ice beast

Action                   |  1- 3 |  4- 6 || total
-------------------------+-------+-------++-------
Melee: Long sword        |   110 |   171 ||   281
  Eat: Chunk             |     2 |     5 ||     7
